cohdb
Replays
Latest Replays
All Replays
Popular Replays
Top Player Replays
Match Explorer
How It Works
Community
CoH3 Stats
Reddit
Sign in to upload your games and track your stats! →
Sign in with Steam
Match 45547263
Unlisted
Match 45547263
Overview
Messages
Build Orders
End
Construct Section Command Post
Selects Air and Sea Battlegroup
Infantry Section
Infantry Section
Selects Supply Surplus
Dingo Light Scout Car
Construct Platoon Command Post
Construct Resource Cache
Vickers Machine Gun Team
CMP 15cwt Truck
Vickers Machine Gun Team
Macho Man Randy Savage
Captain Slackbladder
Dragon39 [Rice]
RPZWolf
From Voodoo to Zen
con_007
A Sassy Badger
Urge to Merge
0
0
Comments
sign in to comment!
No comments posted yet!